 Dungeon Crawl Stone Soup version 0.27.1-4-g1640c2035a (webtiles) character file.

Game seed: 4866865320406828849

109 Cykl0x the Covered (level 4, -8/29 HPs)
             Began as a Gargoyle Fighter on Nov 10, 2021.
             Mangled by a gnoll (10 damage)
             ... on level 2 of the Dungeon.
             The game lasted 00:02:44 (2398 turns).

Cykl0x the Covered (Gargoyle Fighter)               Turns: 2398, Time: 00:02:44

Health: -8/29      AC: 12    Str: 21    XL:     4   Next: 89%
Magic:  4/4        EV:  5    Int:  8    God:
Gold:   102        SH:  9    Dex:  9    Spells: 3/3 levels left

rFire    . . .     SeeInvis +   a - +0 long sword
rCold    . . .     Faith    .   c - +0 kite shield
rNeg     + . .     Spirit   .   g - +0 chain mail
rPois    ∞         Reflect  .   (no helmet)
rElec    +         Harm     .   (no cloak)
rCorr    .         Rampage  .   (no gloves)
Will     .....                  (no boots)
Stlth    ..........             (no amulet)
HPRegen  0.09/turn              f - ring of see invisible
MPRegen  0.09/turn              (no ring)

@: no status effects
A: sickness immunity, AC +3, negative energy resistance 1, electricity
resistance, torment resistance 1, petrification resistance
a: no special abilities


You were on level 2 of the Dungeon.
You visited 1 branch of the dungeon, and saw 3 of its levels.

You collected 102 gold pieces.

Inventory:

Hand Weapons
 a - a +0 long sword (weapon)
 h - a +1 dagger of speed
 j - a +0 dagger of speed
Missiles
 e - 14 stones (quivered)
Armour
 b - a +0 scale mail
 c - a +0 kite shield (worn)
 g - a +0 chain mail (worn)
Jewellery
 f - a ring of see invisible (left hand)
Potions
 d - 2 potions of might
 k - a potion of lignification {unknown}


   Skills:
 + Level 3.7 Fighting
 + Level 2.5 Long Blades
 * Level 1.5 Throwing
 + Level 3.7 Armour
 * Level 1.3 Dodging
 + Level 3.7 Shields


You had 3 spell levels left.
You didn't know any spells.
Your spell library contained the following spells:

 Spells                   Type           Power      Damage    Failure   Level
 Summon Small Mammal      Summ           0%         N/A       100%        1
 Call Canine Familiar     Summ           0%         N/A       100%        3
 Summon Guardian Golem    Hex/Summ       0%         N/A       100%        3


Dungeon Overview and Level Annotations

Branches:
Dungeon (3/15)

Altars:


Innate Abilities, Weirdness & Mutations

You are immune to sickness and miasma.
Your stone body is resilient. (AC +3)
You are immune to poison.
You resist negative energy. (rN+)
You are resistant to electric shocks. (rElec)
You are resistant to unholy torment.
You are immune to petrification.


Message History

The gnoll hits you but does no damage.
You barely miss the gnoll.
The gnoll is lightly wounded.
The gnoll hits you with a +0 halberd!
You barely miss the gnoll.
The gnoll is lightly wounded.
The gnoll barely misses you.
You riposte.
You hit the gnoll.
The gnoll is heavily wounded.
You block the gnoll's attack.
You closely miss the gnoll.
The gnoll is heavily wounded.
You block the gnoll's attack.
You closely miss the gnoll.
The gnoll is heavily wounded.
You block the gnoll's attack. The gnoll hits you with a +0 halberd!
You are too injured to fight recklessly!
You are too injured to fight recklessly!
You are too injured to fight recklessly!
You are too injured to fight recklessly!
You are too injured to fight recklessly!
You are too injured to fight recklessly!
You are too injured to fight recklessly!
You are too injured to fight recklessly!
You hit the gnoll.
The gnoll is severely wounded.
You block the gnoll's attack.
You hit the gnoll but do no damage.
The gnoll is severely wounded.
The gnoll hits you with a +0 halberd.
* * * LOW HITPOINT WARNING * * *
You block the gnoll's attack.
You barely miss the gnoll.
The gnoll is severely wounded.
The gnoll barely misses you.
You barely miss the gnoll.
The gnoll is severely wounded.
The gnoll hits you with a +0 halberd.
* * * LOW HITPOINT WARNING * * *
The gnoll hits you with a +0 halberd!
You die...

##### ########### #...#
#.......... #.#g######..........
#############.#@)..........†....
#.........).#.#.######..........
###.#######.#.#.# #..........
#.# ###<#.#.#.# #..........
###.###.......#.# ###########
#...........###.# #######.....#
#.# #.....# #.# #.....###.####


You could see a gnoll.

Vanquished Creatures
  3 adders (D:2)
  3 gnolls (D:2)
  2 worms (D:2)
  2 dart slugs (D:2)
  2 bats (D:1)
  2 endoplasms
  2 giant cockroaches
  3 hobgoblins
  4 jackals (D:2)
  A quokka (D:1)
  6 ball pythons
  5 goblins
  4 kobolds
  4 rats
43 creatures vanquished.

Notes
Turn   | Place    | Note
-------+----------+-------------------------------------------
     0 | D:1      | Cykl0x the Gargoyle Fighter began the quest for the Orb.
     0 | D:1      | Reached XP level 1. HP: 14/14 MP: 1/1
   421 | D:1      | Reached XP level 2. HP: 11/19 MP: 2/2
  1221 | D:2      | Reached XP level 3. HP: 22/23 MP: 3/3
  1350 | D:2      | Reached skill level 1 in Throwing
  1521 | D:2      | Reached skill level 1 in Dodging
  1521 | D:2      | Reached XP level 4. HP: 20/28 MP: 4/4
  2398 | D:2      | Mangled by a gnoll

Illustrated notes

Levels and vault maps discovered:
D:1:      moated_graveyard_arrival, layout_rooms, grunt_decor_arrowhead,
          minmay_stone_trees_medium, grunt_decor_mini_mirrors
D:2:      layout_basic
D:3:      layout_loops_cross, nicolae_tso_carved_into_rock,
          gammafunk_temple_overflow_pools, minmay_vboxes, uniq_jessica,
          uniq_sigmund

Skill      XL: |  1  2  3 |
---------------+----------+-----
Long Blades    | 2 |  2.5
Throwing       | 1 |  1.5
Dodging        | 1 |  1.3
Fighting       | |  3.7
Armour         | |  3.7
Shields        | |  3.7

Action                   |  1- 3 |  4- 6 || total
-------------------------+-------+-------++-------
Melee: Long sword        |   110 |    56 ||   166
Throw: Stone             |    56 |    24 ||    80
  Use: Scroll            |     1 |     1 ||     2
Armor: Chain mail        |    75 |    28 ||   103
Dodge: Dodged            |    41 |    17 ||    58
Block: Kite shield       |    66 |    32 ||    98
       Rpst.: Long sword |    11 |     7 ||    18
